 Dungeon Crawl Stone Soup version 0.31-a0-208-gdb31a4691d (webtiles) character file.

Game seed: 3735887523741037877

1660 Anon1729 the Trooper (level 8, -3/73 HPs)
             Began as a Minotaur Monk on June 28, 2023.
             Splashed by a jelly's acid (9 damage)
             ... on level 6 of the Dungeon.
             The game lasted 00:02:41 (5772 turns).

Anon1729 the Trooper (Minotaur Monk)                Turns: 5772, Time: 00:02:42

Health: -3/73      AC:  2    Str: 16    XL:     8   Next: 68%
Magic:  10/10      EV: 15    Int:  7    God:
Gold:   292        SH:  0    Dex: 15    Spells: 7/7 levels left

rFire   x . .        l - +0 dagger (drain)
rCold   + . .        d - orb {light}
rNeg    . . .        b - +0 robe
rPois   .            (helmet restricted)
rElec   .            (no cloak)
rCorr   .            (no gloves)
SInv    .            (no boots)
Will    .....        (no amulet)
Stlth   +            t - ring of ice
HPRegen 0.32/turn    (no ring)
MPRegen 0.12/turn

%: no passive effects
@: glowing
A: horns 2, retaliatory headbutt
a: no special abilities


You were on level 6 of the Dungeon.
You visited 1 branch of the dungeon, and saw 6 of its levels.

You collected 292 gold pieces.

Inventory:

Hand Weapons
 a - a +0 short sword
 l - a +0 dagger of draining (weapon)
 q - a +0 rapier
Missiles
 e - a throwing net
 m - 6 curare-tipped darts
Armour
 b - a +0 robe (worn)
 d - an orb of light (worn)
Jewellery
 t - a ring of ice (left hand)
Wands
 n - a wand of acid (11)
Scrolls
 h - 10 scrolls of identify {unknown}
 i - 3 scrolls of teleportation {unknown}
 j - 2 scrolls of noise {unknown}
 k - a scroll of revelation {unknown}
 p - 3 scrolls of enchant weapon {unknown}
 r - a scroll of blinking {unknown}
 s - 2 scrolls of enchant armour {unknown}
 u - 3 scrolls of fear {unknown}
 w - a scroll of vulnerability {unknown}
Potions
 c - 2 potions of attraction {unknown}
 f - a potion of lignification
 g - 3 potions of curing {unknown}
 o - a potion of magic {unknown}
 v - a potion of heal wounds {unknown}


   Skills:
 + Level 7.0 Fighting
 + Level 6.3 Short Blades
 + Level 5.6 Armour
 + Level 6.2 Dodging
 + Level 4.7 Invocations


You had 7 spell levels left.
You didn't know any spells.
Your spell library contained the following spells:

 Spells                   Type           Power      Damage    Failure   Level
 Slow                     Hex            0%         N/A       43%         1
 Confusing Touch          Hex            0%         N/A       80%         3
 Vampiric Draining        Necr           0%         2d6       80%         3


Dungeon Overview and Level Annotations

Branches:
Dungeon (6/15)
 Temple: D:4-7

Altars:
Sif Muna
The Shining One

Shops:
D:2 ?   D:5 (


Innate Abilities, Weirdness & Mutations

You have a pair of horns on your head.
You reflexively headbutt those who attack you in melee.


Message History

The centaur wields a +0 orcbow.
The centaur shoots an arrow.
The arrow misses you.
There is an open door here.
The centaur shoots an arrow.
The arrow completely misses you.
The centaur shoots an arrow.
The arrow hits you!!
Found 18 gold pieces.
The centaur shoots an arrow.
The arrow barely misses you.
The centaur shoots an arrow.
The arrow hits you!
* * * LOW HITPOINT WARNING * * *
The centaur shoots an arrow.
The arrow completely misses you.
The centaur unwields a +0 orcbow.
The centaur closely misses you. x2
The centaur misses you. You furiously retaliate!
You headbutt the centaur. The centaur closely misses you.
You hit the centaur.
The centaur is moderately wounded.
The centaur barely misses you. The centaur closely misses you.
You hit the centaur but do no damage. You drain the centaur.
The centaur is heavily wounded.
The centaur barely misses you.
The centaur kicks you but does no damage.
You hit the centaur. You drain the centaur. You headbutt the centaur.
The centaur is almost dead.
The centaur barely misses you. The centaur closely misses you.
You hit the centaur.
You kill the centaur!
Your Fighting skill increases to level 7!
Things that are here:
a +0 orcbow; a centaur corpse You now have 292 gold pieces (gained 18).
You hear the quick rusting of a distant drain.
As you open the door, it creaks loudly!
A jelly comes into view.
The jelly quivers.
There is an open door here.
You hit the jelly.
Your hands burn!
* * * LOW HITPOINT WARNING * * *
The jelly is lightly wounded.
The jelly hits you.
* * * LOW HITPOINT WARNING * * *
You are splashed with acid!
You die...

#.###. ....# .....
... ... #.# #. . #J#
.# #. #@# .. .. ##'##
.# #. ##...## .#.
##.....## ###.#
#....!..## ##<#.####
##..)....####........
#.......+...........
#.......####....###.
#......## ##.#.###.


You could see a jelly.

Vanquished Creatures
  2 ice beasts
  An orc warrior (D:6)
  2 centaurs
  A kobold brigand (D:6)
  A bullfrog (D:6)
  5 scorpions
  A howler monkey (D:6)
  A crimson imp (D:4)
  3 hounds
  A gnoll bouda (D:5)
  3 orc priests
  Jessica (D:2)
  An iguana (D:6)
  2 sleepcaps (D:6)
  4 orc wizards
  7 gnolls (D:5)
  11 adders
  A shadow imp (D:5)
  A white imp (D:6)
  An ufetubus (D:5)
  2 worms
  3 dart slugs
  18 orcs
  5 ball pythons
  8 endoplasms
  5 giant cockroaches
  4 goblins
  4 hobgoblins
  5 jackals
  9 kobolds
  8 quokkas
  5 bats
  2 frilled lizards
  2 goblin skeletons (D:4)
  3 goblin zombies (D:4)
  5 hobgoblin zombies (D:4)
  4 kobold skeletons (D:4)
  8 rats
150 creatures vanquished.

Notes
Turn   | Place    | Note
-------+----------+-------------------------------------------
     0 | D:1      | Anon1729 the Minotaur Monk began the quest for the Orb.
     0 | D:1      | Reached XP level 1. HP: 19/19 MP: 0/0
   229 | D:1      | Reached XP level 2. HP: 27/27 MP: 1/1
   393 | D:1      | Reached skill level 1 in Armour
   416 | D:1      | Reached skill level 1 in Invocations
   421 | D:1      | Reached XP level 3. HP: 31/33 MP: 2/2
   436 | D:1      | Reached skill level 4 in Fighting
   868 | D:2      | Reached XP level 4. HP: 39/40 MP: 4/4
   998 | D:2      | Noticed Jessica
  1006 | D:2      | Killed Jessica
  1092 | D:2      | Found Caoqas's Magic Scroll Boutique.
  1533 | D:3      | Identified the +3 ring mail of Classification {Int+4}
  1546 | D:3      | Reached XP level 5. HP: 44/47 MP: 5/5
  2597 | D:4      | Found a glowing golden altar of the Shining One.
  2796 | D:4      | Reached skill level 5 in Fighting
  2796 | D:4      | Reached XP level 6. HP: 22/56 MP: 6/6
  3431 | D:4      | Found a shimmering blue altar of Sif Muna.
  3545 | D:5      | Entered Level 5 of the Dungeon
  3615 | D:5      | Found Hamnowae's Antique Weapon Boutique.
  3754 | D:5      | Noticed an ice beast
  3761 | D:5      | Reached skill level 5 in Short Blades
  3761 | D:5      | Reached XP level 7. HP: 33/61 MP: 8/8
  3784 | D:5      | Reached skill level 5 in Dodging
  4664 | D:5      | Reached skill level 6 in Fighting
  4806 | D:5      | Reached XP level 8. HP: 49/70 MP: 9/9
  5337 | D:6      | Reached skill level 5 in Armour
  5764 | D:6      | Reached skill level 7 in Fighting
  5772 | D:6      | Splashed by a jelly's acid

Illustrated notes

Levels and vault maps discovered:
D:1:      psy_arrival_statuary, layout_loops_ring, st_stairs_1,
          wad_floor_pattern_untrapped
D:2:      layout_rooms, serial_shops, shop, minmay_unequal, uniq_jessica
D:3:      minmay_bubble_buster, layout_basic, saegor_snake_ambush
D:4:      layout_loops_ring, general_overflow_altar,
          nicolae_tso_besieged_by_evil, nicolae_concentric_dashed_squares_wild
D:5:      layout_loops_cross, serial_shops, nicolae_shop_waterfront,
          nicolae_elevator_lobby_asterisk
D:6:      layout_loops_corners, mainiacjoe_overflow_alcove_2,
          lightli_sewer_entry_pipes, kennysheep_small_spiral,
          minmay_starry_boxes

Skill      XL: |  1  2  3  4  5  6  7  8 |
---------------+-------------------------+-----
Armour         | 1 2 3 4 5 |  5.6
Invocations    | 1 2 3 4 |  4.7
Fighting       | 4 5 6 7 |  7.0
Short Blades   | 4 5 6 |  6.3
Dodging        | 4 5 6 |  6.2

Action                     |  1- 3 |  4- 6 |  7- 9 || total
---------------------------+-------+-------+-------++-------
  Melee: Short sword       |    65 |    27 |       ||    92
         Headbutt          |    14 |    49 |    55 ||   118
         Dagger            |       |   141 |   164 ||   305
         Rapier            |       |    44 |       ||    44
    Use: Potion            |       |     1 |     1 ||     2
 Armour: Robe              |    14 |    22 |    11 ||    47
         Skin              |       |       |     3 ||     3
  Dodge: Dodged            |    36 |   139 |   111 ||   286

Table legend: (Time is in decaauts)
 A = Elapsed time spent in this place.
 B = Non-inter-level travel time spent in this place.
 C = Inter-level travel time spent in this place.
 D = Time resting spent in this place.
 E = Time spent auto-exploring this place.
 F = Levels seen in this place.
 G = Mean time per level.
                   A        B        C        D        E       F      G
               +--------+--------+--------+--------+--------+-----+--------+
         Total |   5701 |   5494 |    207 |    390 |   4285 |   6 |  950.2 |
       Dungeon |   5701 |   5494 |    207 |    390 |   4285 |   6 |  950.2 |
               +--------+--------+--------+--------+--------+-----+--------+

Top non-repeatable levels by time:
     D:5: 1611 daAuts
     D:3: 1270 daAuts
     D:4: 977 daAuts
     D:1: 686 daAuts
     D:2: 594 daAuts
     D:6: 560 daAuts
